 Dungeon Crawl Stone Soup version 0.31-a0-965-g8a8ce12e04 (webtiles) character file.

Game seed: 14702490646254699908

30 Maratek the Skirmisher (level 3, -1/31 HPs)
             Began as a Gnoll Hunter on Oct 26, 2023.
             Slain by Terence
             ... wielding a +0 trident
              (3 damage)
             ... on level 2 of the Dungeon.
             The game lasted 00:01:07 (1113 turns).

Maratek the Skirmisher (Gnoll Hunter)               Turns: 1113, Time: 00:01:08

Health: -1/31      AC: 10    Str: 10    XL:     3   Next: 20%
Magic:  4/4        EV:  2    Int:  8    God:
Gold:   62         SH:  0    Dex: 17    Spells: 3/3 levels left

rFire   . . .        a - +0 shortbow
rCold   . . .        (shield currently unavailable)
rNeg    . . .        d - +0 plate armour
rPois   .            (no helmet)
rElec   .            (no cloak)
rCorr   .            (no gloves)
SInv    .            (no boots)
Will    .....        (no amulet) Stlth
                     (no ring)
HPRegen 0.25/turn    (no ring)
MPRegen 0.09/turn

%: no passive effects
@: no status effects
A: fangs 1, strong nose, distributed training
a: no special abilities


You were on level 2 of the Dungeon.
You visited 1 branch of the dungeon, and saw 2 of its levels.

You collected 62 gold pieces.

Inventory:

Hand Weapons
 a - a +0 shortbow (weapon)
Armour
 d - a +0 plate armour (worn)
Scrolls
 b - a scroll of butterflies
 e - a scroll of vulnerability {unknown}
 g - a scroll of teleportation {unknown}
 h - a scroll of amnesia {unknown}
Potions
 c - a potion of curing {unknown}
 f - a potion of resistance {unknown}
 i - a potion of haste {unknown}
 j - a potion of might {unknown}


   Skills:
 + Level 4.5 Fighting
 + Level 0.7 Short Blades
 + Level 0.7 Long Blades
 + Level 0.7 Axes
 + Level 0.7 Maces & Flails
 + Level 0.7 Polearms
 + Level 0.7 Staves
 + Level 8.5 Ranged Weapons
 + Level 0.7 Throwing
 + Level 0.7 Armour
 + Level 4.5 Dodging
 + Level 2.3 Stealth
 + Level 0.7 Shields
 + Level 0.7 Unarmed Combat
 + Level 0.7 Spellcasting
 + Level 0.5 Conjurations
 + Level 0.5 Hexes
 + Level 0.5 Summonings
 + Level 0.5 Necromancy
 + Level 0.5 Translocations
 + Level 0.5 Transmutations
 + Level 0.5 Fire Magic
 + Level 0.5 Ice Magic
 + Level 0.5 Air Magic
 + Level 0.5 Earth Magic
 + Level 0.5 Poison Magic
 + Level 0.9 Invocations
 + Level 0.7 Evocations
 + Level 0.6 Shapeshifting


You had 3 spell levels left.
You didn't know any spells.
Your spell library was empty.

Dungeon Overview and Level Annotations

Branches:
Dungeon (2/15)

Altars:

Shops:
D:2 [

Annotations:
D:2 Terence


Innate Abilities, Weirdness & Mutations

You have very sharp teeth.
Your uncanny sense of smell can sniff out nearby items.
Your experience applies equally to all skills.


Message History

You are too injured to fight recklessly!
You are too injured to fight recklessly!
You are too injured to fight recklessly!
You are too injured to fight recklessly!
You are too injured to fight recklessly!
You are too injured to fight recklessly!
You are too injured to fight recklessly!
You are too injured to fight recklessly!
You are too injured to fight recklessly!
You are too injured to fight recklessly!
You are too injured to fight recklessly!
You are too injured to fight recklessly!
You are too injured to fight recklessly!
Unknown command.
Fire: a) +0 shortbow
Press: ? - help, Q - select action Shift-Dir - straight line, f/p - Terence
Aim: Terence, wielding a +0 trident and wearing a +0 scale mail (lightly wounded, 69% to hit)
You shoot an arrow.
The arrow hits Terence but does no damage.
Terence is lightly wounded.
Terence hits you but does no damage.
Terence hits you from afar with a +0 trident!
* * * LOW HITPOINT WARNING * * *
Fire: a) +0 shortbow
Press: ? - help, Q - select action Shift-Dir - straight line, f/p - Terence
Aim: Terence, wielding a +0 trident and wearing a +0 scale mail (lightly wounded, 69% to hit)
You shoot an arrow.
The arrow hits Terence but does no damage.
Terence is lightly wounded.
Terence completely misses you.
Terence hits you from afar with a +0 trident.
* * * LOW HITPOINT WARNING * * *
Fire: a) +0 shortbow
Press: ? - help, Q - select action Shift-Dir - straight line, f/p - Terence
Aim: Terence, wielding a +0 trident and wearing a +0 scale mail (lightly wounded, 69% to hit)
You shoot an arrow. The arrow barely misses Terence.
Terence hits you from afar with a +0 trident.
* * * LOW HITPOINT WARNING * * *
Terence hits you from afar with a +0 trident.
You die...

..# .. #.#
############# ..
#.........∩.# #.##
#.#########.# #..#
#.# ### #.# ##.##
#.# #<# #.# #.@.#
#.# #.# #.# #K@.#.#
#.# #.# #.#
#...###.# #.# #.#
#.# ...###...# #.#
#.# #.#
.###...#..##.# #.#
#.#
###...####.##.####.#
#.# #...#.#
..#....#.# #.#
##.##).. #.####.#.#
#.# #..#..#..#..#
#.#.####.#


You could see Terence and a kobold.

Vanquished Creatures
  A dart slug (D:1)
  2 ball pythons
  3 endoplasms (D:1)
  2 giant cockroaches (D:1)
  4 goblins
  A hobgoblin (D:1)
  6 jackals (D:1)
  2 bats
  A frilled lizard (D:1)
  A rat (D:1)
23 creatures vanquished.

Notes
Turn   | Place    | Note
-------+----------+-------------------------------------------
     0 | D:1      | Maratek the Gnoll Hunter began the quest for the Orb.
     0 | D:1      | Reached XP level 1. HP: 20/20 MP: 1/1
   253 | D:1      | Reached XP level 2. HP: 26/26 MP: 2/2
   507 | D:1      | Reached XP level 3. HP: 31/31 MP: 3/3
  1019 | D:2      | Found Pubriwn's Antique Armour Shoppe.
  1104 | D:2      | Noticed Terence
  1113 | D:2      | Slain by Terence

Illustrated notes

Levels and vault maps discovered:
D:1:      dpeg_arrival_central, layout_basic
D:2:      minmay_skewed_foursquare, layout_basic,
          chequers_ecumenical_altar_simple_redux, serial_shops, shop, shop,
          nicolae_shop_industrial_runoff, basic_altar, uniq_terence

Action                     || total
---------------------------++-------
   Fire: Shortbow          ||    86
 Armour: Plate armour      ||   105
  Dodge: Dodged            ||     8

Table legend: (Time is in decaauts)
 A = Elapsed time spent in this place.
 B = Non-inter-level travel time spent in this place.
 C = Inter-level travel time spent in this place.
 D = Time resting spent in this place.
 E = Time spent auto-exploring this place.
 F = Levels seen in this place.
 G = Mean time per level.
                   A        B        C        D        E       F      G
               +--------+--------+--------+--------+--------+-----+--------+
         Total |   1182 |   1157 |     25 |      0 |    958 |   2 |  591.0 |
       Dungeon |   1182 |   1157 |     25 |      0 |    958 |   2 |  591.0 |
               +--------+--------+--------+--------+--------+-----+--------+

Top non-repeatable levels by time:
     D:1: 985 daAuts
     D:2: 197 daAuts
